Workbook

Sheet Clientes
A1: Ficha de clientes
A2: ID cliente | B2: Nombre / Razón social | C2: Persona de contacto | D2: NIF/CIF | E2: Teléfono | F2: Correo electrónico | G2: Ciudad | H2: Provincia | I2: Fecha de alta | J2: Segmento | K2: Estado | L2: Límite de crédito (€) | M2: Total compras (€) | N2: Nº compras | O2: Última compra | P2: Observaciones
A3: CLI-001 | B3: Lucía Martín S.L. | C3: Lucía Martín | D3: B82461739 | E3: 912 458 721 | F3: lucia.martin@ejemplo.es | G3: Madrid | H3: Madrid | I3: 46034 | J3: Empresa | K3: Activo | L3: 8000 | M3: =IF(A3="","",SUMIF('Compras'!$B$3:$B$102,A3,'Compras'!$J$3:$J$102)) | N3: =IF(A3="","",COUNTIF('Compras'!$B$3:$B$102,A3)) | O3: =IF(A3="","",IF(COUNTIF('Compras'!$B$3:$B$102,A3)=0,"",_xlfn.MAXIFS('Compras'!$C$3:$C$102,'Compras'!$B$3:$B$102,A3))) | P3: Cliente estratégico.
A4: CLI-002 | B4: Martín López | C4: Martín López | D4: 47291836M | E4: 634 285 194 | F4: martin.lopez@ejemplo.es | G4: Barcelona | H4: Barcelona | I4: 46040 | J4: Autónomo | K4: Activo | L4: 2500 | M4: =IF(A4="","",SUMIF('Compras'!$B$3:$B$102,A4,'Compras'!$J$3:$J$102)) | N4: =IF(A4="","",COUNTIF('Compras'!$B$3:$B$102,A4)) | O4: =IF(A4="","",IF(COUNTIF('Compras'!$B$3:$B$102,A4)=0,"",_xlfn.MAXIFS('Compras'!$C$3:$C$102,'Compras'!$B$3:$B$102,A4))) | P4: Prefiere facturación digital.
A5: CLI-003 | B5: Sofía García | C5: Sofía García | D5: 52836417S | E5: 611 936 482 | F5: sofia.garcia@ejemplo.es | G5: Valencia | H5: Valencia | I5: 46049 | J5: Particular | K5: Activo | L5: 1200 | M5: =IF(A5="","",SUMIF('Compras'!$B$3:$B$102,A5,'Compras'!$J$3:$J$102)) | N5: =IF(A5="","",COUNTIF('Compras'!$B$3:$B$102,A5)) | O5: =IF(A5="","",IF(COUNTIF('Compras'!$B$3:$B$102,A5)=0,"",_xlfn.MAXIFS('Compras'!$C$3:$C$102,'Compras'!$B$3:$B$102,A5))) | P5: Contacto por correo electrónico.
A6: CLI-004 | B6: Hugo Navarro S.L. | C6: Hugo Navarro | D6: B19682745 | E6: 954 372 615 | F6: hugo.navarro@ejemplo.es | G6: Sevilla | H6: Sevilla | I6: 46056 | J6: Empresa | K6: Activo | L6: 10000 | M6: =IF(A6="","",SUMIF('Compras'!$B$3:$B$102,A6,'Compras'!$J$3:$J$102)) | N6: =IF(A6="","",COUNTIF('Compras'!$B$3:$B$102,A6)) | O6: =IF(A6="","",IF(COUNTIF('Compras'!$B$3:$B$102,A6)=0,"",_xlfn.MAXIFS('Compras'!$C$3:$C$102,'Compras'!$B$3:$B$102,A6))) | P6: Revisión trimestral de pedidos.
A7: CLI-005 | B7: Marta Ruiz | C7: Marta Ruiz | D7: 74621938R | E7: 676 418 205 | F7: marta.ruiz@ejemplo.es | G7: Zaragoza | H7: Zaragoza | I7: 46064 | J7: Autónomo | K7: Inactivo | L7: 1800 | M7: =IF(A7="","",SUMIF('Compras'!$B$3:$B$102,A7,'Compras'!$J$3:$J$102)) | N7: =IF(A7="","",COUNTIF('Compras'!$B$3:$B$102,A7)) | O7: =IF(A7="","",IF(COUNTIF('Compras'!$B$3:$B$102,A7)=0,"",_xlfn.MAXIFS('Compras'!$C$3:$C$102,'Compras'!$B$3:$B$102,A7))) | P7: Pendiente de reactivación comercial.
A8: CLI-006 | B8: Pablo Sánchez S.L. | C8: Pablo Sánchez | D8: B57394826 | E8: 622 704 318 | F8: pablo.sanchez@ejemplo.es | G8: Málaga | H8: Málaga | I8: 46072 | J8: Empresa | K8: Activo | L8: 15000 | M8: =IF(A8="","",SUMIF('Compras'!$B$3:$B$102,A8,'Compras'!$J$3:$J$102)) | N8: =IF(A8="","",COUNTIF('Compras'!$B$3:$B$102,A8)) | O8: =IF(A8="","",IF(COUNTIF('Compras'!$B$3:$B$102,A8)=0,"",_xlfn.MAXIFS('Compras'!$C$3:$C$102,'Compras'!$B$3:$B$102,A8))) | P8: Cuenta con condiciones negociadas.
A9: CLI-007 | B9: Carmen Torres | C9: Carmen Torres | D9: 31857946C | E9: 688 251 976 | F9: carmen.torres@ejemplo.es | G9: Bilbao | H9: Bizkaia | I9: 46083 | J9: Particular | K9: Activo | L9: 900 | M9: =IF(A9="","",SUMIF('Compras'!$B$3:$B$102,A9,'Compras'!$J$3:$J$102)) | N9: =IF(A9="","",COUNTIF('Compras'!$B$3:$B$102,A9)) | O9: =IF(A9="","",IF(COUNTIF('Compras'!$B$3:$B$102,A9)=0,"",_xlfn.MAXIFS('Compras'!$C$3:$C$102,'Compras'!$B$3:$B$102,A9))) | P9: Entrega en horario de tarde.
A10: CLI-008 | B10: Javier Molina | C10: Javier Molina | D10: 49382715J | E10: 699 384 521 | F10: javier.molina@ejemplo.es | G10: Murcia | H10: Murcia | I10: 46091 | J10: Autónomo | K10: Activo | L10: 3000 | M10: =IF(A10="","",SUMIF('Compras'!$B$3:$B$102,A10,'Compras'!$J$3:$J$102)) | N10: =IF(A10="","",COUNTIF('Compras'!$B$3:$B$102,A10)) | O10: =IF(A10="","",IF(COUNTIF('Compras'!$B$3:$B$102,A10)=0,"",_xlfn.MAXIFS('Compras'!$C$3:$C$102,'Compras'!$B$3:$B$102,A10))) | P10: Pago habitual con tarjeta.
A11: CLI-009 | B11: Laura Ortega S.L. | C11: Laura Ortega | D11: B68143592 | E11: 965 274 603 | F11: laura.ortega@ejemplo.es | G11: Alicante | H11: Alicante | I11: 46103 | J11: Empresa | K11: Activo | L11: 7000 | M11: =IF(A11="","",SUMIF('Compras'!$B$3:$B$102,A11,'Compras'!$J$3:$J$102)) | N11: =IF(A11="","",COUNTIF('Compras'!$B$3:$B$102,A11)) | O11: =IF(A11="","",IF(COUNTIF('Compras'!$B$3:$B$102,A11)=0,"",_xlfn.MAXIFS('Compras'!$C$3:$C$102,'Compras'!$B$3:$B$102,A11))) | P11: Solicita albarán firmado.
A12: CLI-010 | B12: Álvaro Pérez | C12: Álvaro Pérez | D12: 28461937A | E12: 958 613 420 | F12: alvaro.perez@ejemplo.es | G12: Granada | H12: Granada | I12: 46119 | J12: Particular | K12: Activo | L12: 1500 | M12: =IF(A12="","",SUMIF('Compras'!$B$3:$B$102,A12,'Compras'!$J$3:$J$102)) | N12: =IF(A12="","",COUNTIF('Compras'!$B$3:$B$102,A12)) | O12: =IF(A12="","",IF(COUNTIF('Compras'!$B$3:$B$102,A12)=0,"",_xlfn.MAXIFS('Compras'!$C$3:$C$102,'Compras'!$B$3:$B$102,A12))) | P12: Cliente de venta recurrente.
M13: =IF(A13="","",SUMIF('Compras'!$B$3:$B$102,A13,'Compras'!$J$3:$J$102)) | N13: =IF(A13="","",COUNTIF('Compras'!$B$3:$B$102,A13)) | O13: =IF(A13="","",IF(COUNTIF('Compras'!$B$3:$B$102,A13)=0,"",_xlfn.MAXIFS('Compras'!$C$3:$C$102,'Compras'!$B$3:$B$102,A13)))
M14: =IF(A14="","",SUMIF('Compras'!$B$3:$B$102,A14,'Compras'!$J$3:$J$102)) | N14: =IF(A14="","",COUNTIF('Compras'!$B$3:$B$102,A14)) | O14: =IF(A14="","",IF(COUNTIF('Compras'!$B$3:$B$102,A14)=0,"",_xlfn.MAXIFS('Compras'!$C$3:$C$102,'Compras'!$B$3:$B$102,A14)))
M15: =IF(A15="","",SUMIF('Compras'!$B$3:$B$102,A15,'Compras'!$J$3:$J$102)) | N15: =IF(A15="","",COUNTIF('Compras'!$B$3:$B$102,A15)) | O15: =IF(A15="","",IF(COUNTIF('Compras'!$B$3:$B$102,A15)=0,"",_xlfn.MAXIFS('Compras'!$C$3:$C$102,'Compras'!$B$3:$B$102,A15)))
M16: =IF(A16="","",SUMIF('Compras'!$B$3:$B$102,A16,'Compras'!$J$3:$J$102)) | N16: =IF(A16="","",COUNTIF('Compras'!$B$3:$B$102,A16)) | O16: =IF(A16="","",IF(COUNTIF('Compras'!$B$3:$B$102,A16)=0,"",_xlfn.MAXIFS('Compras'!$C$3:$C$102,'Compras'!$B$3:$B$102,A16)))
M17: =IF(A17="","",SUMIF('Compras'!$B$3:$B$102,A17,'Compras'!$J$3:$J$102)) | N17: =IF(A17="","",COUNTIF('Compras'!$B$3:$B$102,A17)) | O17: =IF(A17="","",IF(COUNTIF('Compras'!$B$3:$B$102,A17)=0,"",_xlfn.MAXIFS('Compras'!$C$3:$C$102,'Compras'!$B$3:$B$102,A17)))
M18: =IF(A18="","",SUMIF('Compras'!$B$3:$B$102,A18,'Compras'!$J$3:$J$102)) | N18: =IF(A18="","",COUNTIF('Compras'!$B$3:$B$102,A18)) | O18: =IF(A18="","",IF(COUNTIF('Compras'!$B$3:$B$102,A18)=0,"",_xlfn.MAXIFS('Compras'!$C$3:$C$102,'Compras'!$B$3:$B$102,A18)))
M19: =IF(A19="","",SUMIF('Compras'!$B$3:$B$102,A19,'Compras'!$J$3:$J$102)) | N19: =IF(A19="","",COUNTIF('Compras'!$B$3:$B$102,A19)) | O19: =IF(A19="","",IF(COUNTIF('Compras'!$B$3:$B$102,A19)=0,"",_xlfn.MAXIFS('Compras'!$C$3:$C$102,'Compras'!$B$3:$B$102,A19)))
M20: =IF(A20="","",SUMIF('Compras'!$B$3:$B$102,A20,'Compras'!$J$3:$J$102)) | N20: =IF(A20="","",COUNTIF('Compras'!$B$3:$B$102,A20)) | O20: =IF(A20="","",IF(COUNTIF('Compras'!$B$3:$B$102,A20)=0,"",_xlfn.MAXIFS('Compras'!$C$3:$C$102,'Compras'!$B$3:$B$102,A20)))
M21: =IF(A21="","",SUMIF('Compras'!$B$3:$B$102,A21,'Compras'!$J$3:$J$102)) | N21: =IF(A21="","",COUNTIF('Compras'!$B$3:$B$102,A21)) | O21: =IF(A21="","",IF(COUNTIF('Compras'!$B$3:$B$102,A21)=0,"",_xlfn.MAXIFS('Compras'!$C$3:$C$102,'Compras'!$B$3:$B$102,A21)))
M22: =IF(A22="","",SUMIF('Compras'!$B$3:$B$102,A22,'Compras'!$J$3:$J$102)) | N22: =IF(A22="","",COUNTIF('Compras'!$B$3:$B$102,A22)) | O22: =IF(A22="","",IF(COUNTIF('Compras'!$B$3:$B$102,A22)=0,"",_xlfn.MAXIFS('Compras'!$C$3:$C$102,'Compras'!$B$3:$B$102,A22)))
M23: =IF(A23="","",SUMIF('Compras'!$B$3:$B$102,A23,'Compras'!$J$3:$J$102)) | N23: =IF(A23="","",COUNTIF('Compras'!$B$3:$B$102,A23)) | O23: =IF(A23="","",IF(COUNTIF('Compras'!$B$3:$B$102,A23)=0,"",_xlfn.MAXIFS('Compras'!$C$3:$C$102,'Compras'!$B$3:$B$102,A23)))
M24: =IF(A24="","",SUMIF('Compras'!$B$3:$B$102,A24,'Compras'!$J$3:$J$102)) | N24: =IF(A24="","",COUNTIF('Compras'!$B$3:$B$102,A24)) | O24: =IF(A24="","",IF(COUNTIF('Compras'!$B$3:$B$102,A24)=0,"",_xlfn.MAXIFS('Compras'!$C$3:$C$102,'Compras'!$B$3:$B$102,A24)))
... M102: =IF(A102="","",SUMIF('Compras'!$B$3:$B$102,A102,'Compras'!$J$3:$J$102)) | N102: =IF(A102="","",COUNTIF('Compras'!$B$3:$B$102,A102)) | O102: =IF(A102="","",IF(COUNTIF('Compras'!$B$3:$B$102,A102)=0,"",_xlfn.MAXIFS('Compras'!$C$3:$C$102,'Compras'!$B$3:$B$102,A102)))

Sheet Compras
A1: Historial de compras
A2: Nº factura | B2: ID cliente | C2: Fecha compra | D2: Producto / servicio | E2: Categoría | F2: Base imponible (€) | G2: Tipo IVA | H2: IVA (€) | I2: Descuento (%) | J2: Total factura (€) | K2: Forma de pago | L2: Estado de cobro | M2: Vencimiento | N2: Comercial | O2: Notas
A3: FAC-2026-001 | B3: CLI-001 | C3: 46050 | D3: Servicio de consultoría | E3: Servicios profesionales | F3: 1250 | G3: 0.21 | H3: =IF(OR(F3="",G3=""),"",F3*G3) | I3: 0 | J3: =IF(F3="","",(F3+IF(H3="",0,H3))*(1-IF(I3="",0,I3))) | K3: Transferencia | L3: Pagada | M3: =IF(C3="","",C3+30) | N3: Laura Gómez | O3: Proyecto inicial de asesoramiento.
A4: FAC-2026-002 | B4: CLI-002 | C4: 46057 | D4: Licencia de software | E4: Software | F4: 680 | G4: 0.21 | H4: =IF(OR(F4="",G4=""),"",F4*G4) | I4: 0.05 | J4: =IF(F4="","",(F4+IF(H4="",0,H4))*(1-IF(I4="",0,I4))) | K4: Tarjeta | L4: Pagada | M4: =IF(C4="","",C4+30) | N4: David Ruiz | O4: Renovación anual.
A5: FAC-2026-003 | B5: CLI-003 | C5: 46070 | D5: Material de oficina | E5: Papelería | F5: 245.5 | G5: 0.21 | H5: =IF(OR(F5="",G5=""),"",F5*G5) | I5: 0 | J5: =IF(F5="","",(F5+IF(H5="",0,H5))*(1-IF(I5="",0,I5))) | K5: Tarjeta | L5: Pagada | M5: =IF(C5="","",C5+30) | N5: Celia Ramos | O5: Entrega completada.
A6: FAC-2026-004 | B6: CLI-004 | C6: 46101 | D6: Diseño de catálogo | E6: Marketing | F6: 1980 | G6: 0.21 | H6: =IF(OR(F6="",G6=""),"",F6*G6) | I6: 0.1 | J6: =IF(F6="","",(F6+IF(H6="",0,H6))*(1-IF(I6="",0,I6))) | K6: Transferencia | L6: Vencida | M6: =IF(C6="","",C6+30) | N6: Laura Gómez | O6: Pendiente de regularización.
A7: FAC-2026-005 | B7: CLI-005 | C7: 46121 | D7: Mantenimiento web | E7: Servicios digitales | F7: 430 | G7: 0.21 | H7: =IF(OR(F7="",G7=""),"",F7*G7) | I7: 0 | J7: =IF(F7="","",(F7+IF(H7="",0,H7))*(1-IF(I7="",0,I7))) | K7: Domiciliación | L7: Pagada | M7: =IF(C7="","",C7+30) | N7: David Ruiz | O7: Servicio mensual.
A8: FAC-2026-006 | B8: CLI-006 | C8: 46172 | D8: Equipamiento informático | E8: Tecnología | F8: 3200 | G8: 0.21 | H8: =IF(OR(F8="",G8=""),"",F8*G8) | I8: 0.08 | J8: =IF(F8="","",(F8+IF(H8="",0,H8))*(1-IF(I8="",0,I8))) | K8: Transferencia | L8: Pagada | M8: =IF(C8="","",C8+30) | N8: Celia Ramos | O8: Compra de equipos.
A9: FAC-2026-007 | B9: CLI-007 | C9: 46188 | D9: Impresión de documentos | E9: Imprenta | F9: 165 | G9: 0.1 | H9: =IF(OR(F9="",G9=""),"",F9*G9) | I9: 0 | J9: =IF(F9="","",(F9+IF(H9="",0,H9))*(1-IF(I9="",0,I9))) | K9: Efectivo | L9: Pagada | M9: =IF(C9="","",C9+30) | N9: Laura Gómez | O9: Recogida en tienda.
A10: FAC-2026-008 | B10: CLI-008 | C10: 46224 | D10: Formación especializada | E10: Formación | F10: 760 | G10: 0.21 | H10: =IF(OR(F10="",G10=""),"",F10*G10) | I10: 0 | J10: =IF(F10="","",(F10+IF(H10="",0,H10))*(1-IF(I10="",0,I10))) | K10: Tarjeta | L10: Vencida | M10: =IF(C10="","",C10+30) | N10: David Ruiz | O10: Pendiente de cobro.
A11: FAC-2026-009 | B11: CLI-009 | C11: 46252 | D11: Campaña publicitaria | E11: Marketing | F11: 1490 | G11: 0.21 | H11: =IF(OR(F11="",G11=""),"",F11*G11) | I11: 0.12 | J11: =IF(F11="","",(F11+IF(H11="",0,H11))*(1-IF(I11="",0,I11))) | K11: Transferencia | L11: Pendiente | M11: =IF(C11="","",C11+30) | N11: Celia Ramos | O11: Vencimiento próximo.
A12: FAC-2026-010 | B12: CLI-010 | C12: 46267 | D12: Reparación técnica | E12: Servicios técnicos | F12: 315 | G12: 0.21 | H12: =IF(OR(F12="",G12=""),"",F12*G12) | I12: 0 | J12: =IF(F12="","",(F12+IF(H12="",0,H12))*(1-IF(I12="",0,I12))) | K12: Tarjeta | L12: Pendiente | M12: =IF(C12="","",C12+30) | N12: Laura Gómez | O12: Pendiente de revisión.
H13: =IF(OR(F13="",G13=""),"",F13*G13) | J13: =IF(F13="","",(F13+IF(H13="",0,H13))*(1-IF(I13="",0,I13))) | M13: =IF(C13="","",C13+30)
H14: =IF(OR(F14="",G14=""),"",F14*G14) | J14: =IF(F14="","",(F14+IF(H14="",0,H14))*(1-IF(I14="",0,I14))) | M14: =IF(C14="","",C14+30)
H15: =IF(OR(F15="",G15=""),"",F15*G15) | J15: =IF(F15="","",(F15+IF(H15="",0,H15))*(1-IF(I15="",0,I15))) | M15: =IF(C15="","",C15+30)
H16: =IF(OR(F16="",G16=""),"",F16*G16) | J16: =IF(F16="","",(F16+IF(H16="",0,H16))*(1-IF(I16="",0,I16))) | M16: =IF(C16="","",C16+30)
H17: =IF(OR(F17="",G17=""),"",F17*G17) | J17: =IF(F17="","",(F17+IF(H17="",0,H17))*(1-IF(I17="",0,I17))) | M17: =IF(C17="","",C17+30)
H18: =IF(OR(F18="",G18=""),"",F18*G18) | J18: =IF(F18="","",(F18+IF(H18="",0,H18))*(1-IF(I18="",0,I18))) | M18: =IF(C18="","",C18+30)
H19: =IF(OR(F19="",G19=""),"",F19*G19) | J19: =IF(F19="","",(F19+IF(H19="",0,H19))*(1-IF(I19="",0,I19))) | M19: =IF(C19="","",C19+30)
H20: =IF(OR(F20="",G20=""),"",F20*G20) | J20: =IF(F20="","",(F20+IF(H20="",0,H20))*(1-IF(I20="",0,I20))) | M20: =IF(C20="","",C20+30)
H21: =IF(OR(F21="",G21=""),"",F21*G21) | J21: =IF(F21="","",(F21+IF(H21="",0,H21))*(1-IF(I21="",0,I21))) | M21: =IF(C21="","",C21+30)
H22: =IF(OR(F22="",G22=""),"",F22*G22) | J22: =IF(F22="","",(F22+IF(H22="",0,H22))*(1-IF(I22="",0,I22))) | M22: =IF(C22="","",C22+30)
H23: =IF(OR(F23="",G23=""),"",F23*G23) | J23: =IF(F23="","",(F23+IF(H23="",0,H23))*(1-IF(I23="",0,I23))) | M23: =IF(C23="","",C23+30)
H24: =IF(OR(F24="",G24=""),"",F24*G24) | J24: =IF(F24="","",(F24+IF(H24="",0,H24))*(1-IF(I24="",0,I24))) | M24: =IF(C24="","",C24+30)
... H102: =IF(OR(F102="",G102=""),"",F102*G102) | J102: =IF(F102="","",(F102+IF(H102="",0,H102))*(1-IF(I102="",0,I102))) | M102: =IF(C102="","",C102+30)

Sheet Resumen
A1: Resumen comercial y ficha rápida del cliente
A3: ID cliente seleccionado | B3: CLI-001
A4: Ficha rápida del cliente
A5: Nombre / Razón social | B5: =IF($B$3="","",IFERROR(VLOOKUP($B$3,'Clientes'!$A$3:$P$102,2,FALSE),""))
A6: Persona de contacto | B6: =IF($B$3="","",IFERROR(VLOOKUP($B$3,'Clientes'!$A$3:$P$102,3,FALSE),""))
A7: Teléfono | B7: =IF($B$3="","",IFERROR(VLOOKUP($B$3,'Clientes'!$A$3:$P$102,5,FALSE),""))
A8: Correo electrónico | B8: =IF($B$3="","",IFERROR(VLOOKUP($B$3,'Clientes'!$A$3:$P$102,6,FALSE),""))
A9: Ciudad | B9: =IF($B$3="","",IFERROR(VLOOKUP($B$3,'Clientes'!$A$3:$P$102,7,FALSE),""))
A10: Estado | B10: =IF($B$3="","",IFERROR(VLOOKUP($B$3,'Clientes'!$A$3:$P$102,11,FALSE),""))
A11: Total compras (€) | B11: =IF($B$3="","",IFERROR(VLOOKUP($B$3,'Clientes'!$A$3:$P$102,13,FALSE),0))
A12: Nº compras | B12: =IF($B$3="","",IFERROR(VLOOKUP($B$3,'Clientes'!$A$3:$P$102,14,FALSE),0))
A13: Última compra | B13: =IF($B$3="","",IFERROR(VLOOKUP($B$3,'Clientes'!$A$3:$P$102,15,FALSE),""))
A16: Indicadores generales
A17: Ventas totales (€) | B17: =SUM('Compras'!$J$3:$J$102)
A18: Ticket medio (€) | B18: =IFERROR(AVERAGE('Compras'!$J$3:$J$102),0)
A19: Clientes activos | B19: =COUNTIF('Clientes'!$K$3:$K$102,"Activo")
A20: Porcentaje de facturas pagadas | B20: =IFERROR(COUNTIF('Compras'!$L$3:$L$102,"Pagada")/COUNTA('Compras'!$A$3:$A$102),0)
A21: Compras pendientes | B21: =COUNTIF('Compras'!$L$3:$L$102,"Pendiente")
A22: Facturas vencidas | B22: =COUNTIF('Compras'!$L$3:$L$102,"Vencida")
A25: Resumen por ciudad | F25: Distribución por segmento
A26: Ciudad | B26: Nº clientes | C26: Ventas totales (€) | D26: % sobre ventas | F26: Segmento | G26: Nº clientes
A27: Madrid | B27: =COUNTIF('Clientes'!$G$3:$G$102,A27) | C27: =SUMIF('Clientes'!$G$3:$G$102,A27,'Clientes'!$M$3:$M$102) | D27: =IFERROR(C27/SUM($C$27:$C$36),0) | F27: Empresa | G27: =COUNTIF('Clientes'!$J$3:$J$102,F27)
A28: Barcelona | B28: =COUNTIF('Clientes'!$G$3:$G$102,A28) | C28: =SUMIF('Clientes'!$G$3:$G$102,A28,'Clientes'!$M$3:$M$102) | D28: =IFERROR(C28/SUM($C$27:$C$36),0) | F28: Autónomo | G28: =COUNTIF('Clientes'!$J$3:$J$102,F28)
A29: Valencia | B29: =COUNTIF('Clientes'!$G$3:$G$102,A29) | C29: =SUMIF('Clientes'!$G$3:$G$102,A29,'Clientes'!$M$3:$M$102) | D29: =IFERROR(C29/SUM($C$27:$C$36),0) | F29: Particular | G29: =COUNTIF('Clientes'!$J$3:$J$102,F29)
A30: Sevilla | B30: =COUNTIF('Clientes'!$G$3:$G$102,A30) | C30: =SUMIF('Clientes'!$G$3:$G$102,A30,'Clientes'!$M$3:$M$102) | D30: =IFERROR(C30/SUM($C$27:$C$36),0)
A31: Zaragoza | B31: =COUNTIF('Clientes'!$G$3:$G$102,A31) | C31: =SUMIF('Clientes'!$G$3:$G$102,A31,'Clientes'!$M$3:$M$102) | D31: =IFERROR(C31/SUM($C$27:$C$36),0)
A32: Málaga | B32: =COUNTIF('Clientes'!$G$3:$G$102,A32) | C32: =SUMIF('Clientes'!$G$3:$G$102,A32,'Clientes'!$M$3:$M$102) | D32: =IFERROR(C32/SUM($C$27:$C$36),0) | F32: Estado de cobro
A33: Bilbao | B33: =COUNTIF('Clientes'!$G$3:$G$102,A33) | C33: =SUMIF('Clientes'!$G$3:$G$102,A33,'Clientes'!$M$3:$M$102) | D33: =IFERROR(C33/SUM($C$27:$C$36),0) | F33: Estado | G33: Nº facturas
A34: Murcia | B34: =COUNTIF('Clientes'!$G$3:$G$102,A34) | C34: =SUMIF('Clientes'!$G$3:$G$102,A34,'Clientes'!$M$3:$M$102) | D34: =IFERROR(C34/SUM($C$27:$C$36),0) | F34: Pagada | G34: =COUNTIF('Compras'!$L$3:$L$102,F34)
A35: Alicante | B35: =COUNTIF('Clientes'!$G$3:$G$102,A35) | C35: =SUMIF('Clientes'!$G$3:$G$102,A35,'Clientes'!$M$3:$M$102) | D35: =IFERROR(C35/SUM($C$27:$C$36),0) | F35: Pendiente | G35: =COUNTIF('Compras'!$L$3:$L$102,F35)
A36: Granada | B36: =COUNTIF('Clientes'!$G$3:$G$102,A36) | C36: =SUMIF('Clientes'!$G$3:$G$102,A36,'Clientes'!$M$3:$M$102) | D36: =IFERROR(C36/SUM($C$27:$C$36),0) | F36: Vencida | G36: =COUNTIF('Compras'!$L$3:$L$102,F36)

Sheet Instrucciones
A1: Guía de uso de la plantilla
A3: Hoja | B3: Cómo utilizarla | C3: Campos principales
A4: Clientes | B4: Registre un cliente por fila. Las celdas amarillas son editables y las columnas de compras se calculan automáticamente. | C4: ID cliente, datos de contacto, segmento, estado, límite de crédito y observaciones.
A5: Compras | B5: Introduzca cada factura en una fila. El IVA, el total de factura y el vencimiento se calculan automáticamente. | C5: Nº factura, ID cliente, fecha, producto, base imponible, IVA, descuento, cobro y vencimiento.
A6: Resumen | B6: Seleccione un ID cliente en la celda amarilla para consultar su ficha rápida y revise los indicadores y gráficos. | C6: Ventas, ticket medio, clientes activos, cobros, ventas por ciudad y distribución por segmento.
A7: Validaciones | B7: Utilice las listas desplegables para mantener datos homogéneos en segmentos, estados, IVA y formas de pago. | C7: Segmento, estado de cliente, tipo IVA, forma de pago y estado de cobro.
A8: Filas preparadas | B8: Las hojas Clientes y Compras incluyen 100 filas preparadas para seguir registrando información sin perder fórmulas ni formatos. | C8: Filas 3 a 102 de las hojas operativas.
A9: Estados de cobro | B9: Actualice el estado de cada factura cuando se produzca el cobro o se alcance el vencimiento. | C9: Pagada, Pendiente, Vencida y Cancelada.
A10: Ciudades nuevas | B10: Si incorpora una ciudad distinta, añádala también a la tabla de resumen por ciudad para incluirla en el gráfico. | C10: Tabla de resumen por ciudad en la hoja Resumen.
